 Dungeon Crawl Stone Soup version 0.22.1-2-g9c5b331 (webtiles) character file.

101 diana the Slasher (level 4, -8/35 HPs)
             Began as a Demonspawn Gladiator on Nov 20, 2018.
             Killed by divine providence
             ... invoked by an orc priest
              (15 damage)
             ... on level 3 of the Dungeon.
             The game lasted 00:02:06 (1717 turns).

diana the Slasher (Demonspawn Gladiator)            Turns: 1717, Time: 00:02:07

Health: -8/35      AC:  4    Str: 14 (16) XL:     4   Next: 48%
Magic:  4/4        EV: 12    Int:  7 (9)  God:
Gold:   98         SH:  4    Dex: 13 (14) Spells: 3/3 levels left

rFire    . . .     SeeInvis .   a - +0 long sword
rCold    . . .     Gourm    .   (no shield)
rNeg     . . .     Faith    .   b - +0 leather armour
rPois    .         Spirit   .   c - +0 helmet
rElec    .         Reflect  .   (no cloak)
rCorr    .         Harm     .   (no gloves)
MR       .....                  (no boots)
Stlth    +.........             (no amulet)
HPRegen  0.11/turn              (no ring)
MPRegen  0.09/turn              (no ring)

@: hasted, very quick
A: talons 1, large bone plates 1
a: no special abilities


You were on level 3 of the Dungeon.
You were hungry.

You visited 1 branch of the dungeon, and saw 3 of its levels.

You collected 98 gold pieces.

Inventory:

Hand Weapons
 a - a +0 long sword (weapon)
Missiles
 d - 3 throwing nets (quivered)
Armour
 b - a +0 leather armour (worn)
 c - a +0 helmet (worn)
Jewellery
 i - an uncursed ring of poison resistance {unknown}
 k - a +4 ring of strength {unknown}
 p - an uncursed ring of protection from fire {unknown}
Wands
 o - a wand of acid (4)
Scrolls
 g - 9 scrolls of identify {unknown}
 h - a scroll of remove curse {unknown}
 j - a scroll of enchant armour {unknown}
Potions
 e - 2 potions of degeneration
 l - a potion of haste
 m - a potion of brilliance {unknown}
 n - a potion of heal wounds {unknown}
Comestibles
 f - 2 rations


   Skills:
 + Level 3.1 Fighting
 * Level 4.2 Long Blades
 - Level 1.7 Throwing
 - Level 2.6 Dodging


You had 3 spell levels left.
You didn't know any spells.
Your spell library was empty.

Dungeon Overview and Level Annotations

Branches:
Dungeon (3/15)

Altars:


Innate Abilities, Weirdness & Mutations

You have sharp toenails.
You are partially covered in large bone plates. (SH +4)


Message History

An orc comes into view. It is wielding a club.
The orc hits you with a hand axe.
The orc moves out of view.
You hit the orc.
You kill the orc!
The orc wizard mumbles some strange words.
The orc wizard blinks!
The orc hits you with a dagger.
You barely miss the orc. The orc hits you but does no damage.
You barely miss the orc. The orc hits you with a dagger.
You closely miss the orc. Your kick misses the orc.
The orc priest invokes the aid of Beogh against you.
Beogh smites you!
* * * LOW HITPOINT WARNING * * *
The orc hits you but does no damage.
The orc wizard mumbles some strange words.
The orc wizard blinks!
It was a potion of haste.
You feel yourself speed up. The orc closely misses you.
The orc priest invokes the aid of Beogh against you.
Beogh smites you!
You die...

#...>..# ##...##
##.. #.###### ##'##
#.. #.# #.# ### #..
#.# #.# #.. ##. #.#
##.###.#
#.##########...##.#
#
#...............#.#
#.#
##########.#...##.#
.o #@##.###.##o##.#
#....o.o.o)....#
####.###########
#.# #.# #.# #.# #.#
#.#


You could see an orc priest and an orc.

Vanquished Creatures
  Robin (D:2)
  3 adders
  2 oozes (D:1)
  A worm (D:2)
  4 orcs (D:3)
  6 bats
  11 goblins
  4 hobgoblins
  2 quokkas
  5 frilled lizards
  4 kobolds
  8 rats
51 creatures vanquished.

Notes
Turn   | Place    | Note
-------+----------+-------------------------------------------
     0 | D:1      | diana the Demonspawn Gladiator began the quest for the Orb.
     0 | D:1      | Reached XP level 1. HP: 16/16 MP: 1/1
    40 | D:1      | Reached skill level 3 in Long Blades
   101 | D:1      | Gained mutation: You have sharp toenails. [demonic
                  | ancestry]
   101 | D:1      | Reached XP level 2. HP: 18/22 MP: 2/2
   631 | D:2      | Reached XP level 3. HP: 26/28 MP: 3/3
   929 | D:2      | Noticed Robin
   953 | D:2      | Killed Robin
  1162 | D:2      | Reached skill level 4 in Long Blades
  1170 | D:2      | Gained mutation: You are partially covered in large bone
                  | plates. (SH +4) [demonic ancestry]
  1170 | D:2      | Reached XP level 4. HP: 31/34 MP: 4/4
  1717 | D:3      | Killed from afar by an orc priest

Skill      XL: |  1  2  3  4 |
---------------+-------------+-----
Long Blades    | 3 4 |  4.2
Fighting       | 3 |  3.1
Throwing       | |  1.7
Dodging        | |  2.6

Action                   |  1- 3 |  4- 6 || total
-------------------------+-------+-------++-------
Melee: Long sword        |    91 |    55 ||   146
       Kick              |    17 |    14 ||    31
  Use: Potion            |     3 |     1 ||     4
 Stab: Sleeping          |     1 |       ||     1
  Eat: Chunk             |       |     2 ||     2
Armor: Leather armour    |    22 |    17 ||    39
Dodge: Dodged            |    74 |    36 ||   110
Block: Other             |       |    12 ||    12
       Rpst.: Long sword |    18 |    13 ||    31
